 Dungeon Crawl Stone Soup version 0.28.0 (webtiles) character file.

Game seed: 15453775892199448877

129773 sasquatch the Bludgeoner (level 16, -7/176 HPs)
             Began as a Troll Berserker on Feb 8, 2022.
             Was a High Priest of Trog.
             Shot with an arrow by a centaur warrior (13 damage)
             ... summoned by a boggart
             ... on level 14 of the Dungeon.
             The game lasted 00:49:21 (23175 turns).

sasquatch the Bludgeoner (Troll Berserker)         Turns: 23175, Time: 00:49:22

Health: -7/176     AC: 12    Str: 35    XL:     16   Next: 51%
Magic:  15/15      EV: 10    Int:  3    God:    Trog [*****.]
Gold:   950        SH:  0    Dex:  9    Spells: 15/15 levels left

rFire   + + .      SeeInvis .   X - +7 dire flail "Febuori" {vorpal, rElec rC+}
rCold   + + .      Faith    .   (shield currently unavailable)
rNeg    . . .      Spirit   .   H - +2 robe {rC+ rF+}
rPois   .          Reflect  .   n - +2 hat
rElec   +          Harm     .   p - +2 cloak
rCorr   .          Rampage  .   (gloves unavailable)
Will    ++...                   (boots unavailable)
Stlth   +.........              A - amulet of regeneration
HPRegen 1.99/turn               m - ring of willpower
MPRegen 0.14/turn               T - ring of protection from fire

@: on berserk cooldown, slowed, studying Unarmed Combat, very slow
A: large, unfitting armour, claws 3, regeneration 1, shaggy fur 1, tough skin 1
a: Renounce Religion, Berserk, Trog's Hand, Brothers in Arms


You were on level 14 of the Dungeon.
You worshipped Trog.
Trog was extremely pleased with you.
You visited 4 branches of the dungeon, and saw 26 of its levels.
You also visited: Volcano.

You collected 2188 gold pieces.
You spent 1238 gold pieces at shops.

Inventory:

Hand Weapons
 R - the +5 giant spiked club of Theory {vorpal, rElec rF- rN+++}
   (Trog gifted it to you in a volcano)

   It inflicts extra damage upon your enemies.
   rF:        It makes you vulnerable to fire.
   rElec:     It insulates you from electricity.
   rN:        It renders you almost immune to negative energy.
 X - the +7 dire flail "Febuori" (weapon) {vorpal, rElec rC+}
   (Trog gifted it to you on level 1 of the Snake Pit)

   It inflicts extra damage upon your enemies.
   rC:        It protects you from cold.
   rElec:     It insulates you from electricity.
Missiles
 i - 3 throwing nets
 t - 51 poisoned darts (quivered)
 F - 12 curare-tipped darts
 G - 5 large rocks
Armour
 n - a +2 hat (worn)
 p - a +2 cloak (worn)
 H - a +2 robe of resistance (worn)
 Y - a +1 tower shield of protection
Jewellery
 m - a ring of willpower (left claw)
 q - a ring of willpower
 u - a +4 ring of protection
 A - an amulet of regeneration (around neck)
 K - an amulet of reflection
 T - a ring of protection from fire (right claw)
 Z - a ring of flight
Wands
 a - a wand of flame (42)
 e - a wand of charming (2)
 k - a wand of paralysis (13)
 w - a wand of polymorph (21)
 E - a wand of mindburst (10)
 S - a wand of digging (7)
Scrolls
 g - 2 scrolls of fog
 h - 6 scrolls of enchant weapon
 j - 14 scrolls of teleportation
 o - a scroll of identify
 s - 2 scrolls of blinking
 x - a scroll of magic mapping
 B - 3 scrolls of brand weapon
 C - a scroll of vulnerability {unknown}
 I - 2 scrolls of enchant armour
 J - a scroll of summoning {unknown}
 M - 2 scrolls of fear
 N - 2 scrolls of immolation {unknown}
 Q - 2 scrolls of silence {unknown}
Potions
 b - 2 potions of cancellation
 c - 6 potions of attraction
 d - 6 potions of haste
 f - 3 potions of invisibility
 l - 8 potions of curing
 r - 2 potions of heal wounds
 v - 2 potions of resistance
 z - 7 potions of might
 D - 4 potions of berserk rage
 O - 2 potions of ambrosia {unknown}
 U - 3 potions of mutation
 V - a potion of flight
 W - 2 potions of lignification
Miscellaneous
 y - a tin of tremorstones (2/2)
 L - a condenser vane
 P - a phantom mirror


   Skills:
 - Level 15.0 Fighting
 - Level 18.0 Maces & Flails
 + Level 8.0 Armour
 - Level 2.4 Dodging
 - Level 10.0 Evocations


You had 15 spell levels left.
You didn't know any spells.
Your spell library was empty.

Dungeon Overview and Level Annotations

Branches:
Dungeon (14/15)            Temple (0/1) D:4            Lair (6/6) D:11
  Swamp (0/4) Lair:2        Snake (4/4) Lair:2        Slime (0/5) Lair:5
    Orc (2/2) D:12            Elf (0/3) Orc:2        Vaults (0/5) D:13
Volcano (visited)

Altars:
Fedhas
Xom
Zin
The Shining One
Beogh
Jiyva

Shops:
D:6 !   D:12 (   Orc:2 =(*([   Snake:2 *(:(?


Innate Abilities, Weirdness & Mutations

You are too large for most types of armour.
You have claws for hands.
Your natural rate of healing is unusually fast.
You are covered in fur. (AC +1)
You have tough skin. (AC +1)


Message History

You are exhausted.
You feel yourself slow down.
The cyclops throws a large rock.
The large rock hits you!
Unknown command.
You barely miss the boggart.
The boggart hits you but does no damage.
The centaur warrior hits you!
* * * LOW HITPOINT WARNING * * *
The centaur warrior misses you.
The centaur wields a +0 shortbow.
The centaur shoots an arrow.
The arrow hits you!
* * * LOW HITPOINT WARNING * * *
The boggart casts a spell.
The boggart blinks!
Unknown command.
The centaur warrior wields a +2 longbow of flaming.
It bursts into flame!
The centaur warrior shoots an arrow.
The arrow hits you!!
* * * LOW HITPOINT WARNING * * *
The tengu conjurer hits you but does no damage.
The tengu conjurer closely misses you. The tengu conjurer claws you.
* * * LOW HITPOINT WARNING * * *
The tengu conjurer hits you but does no damage.
The tengu conjurer pecks you but does no damage.
The tengu conjurer barely misses you.
Blink to where?
Press: ? - help, Dir - move target
As you read the scroll of blinking, it crumbles to dust.
The centaur shoots an arrow.
The arrow hits you.
* * * LOW HITPOINT WARNING * * *
The centaur warrior shoots an arrow.
The arrow misses you.
Unknown command.
The centaur shoots an arrow.
The arrow hits you but does no damage.
The centaur warrior shoots an arrow.
The arrow closely misses you.
The tengu conjurer casts a spell at you.
The bolt of lightning hits you! You resist.
* * * LOW HITPOINT WARNING * * *
The centaur shoots an arrow.
The arrow hits you!
* * * LOW HITPOINT WARNING * * *
The boggart mumbles some strange words.
The centaur warrior shoots an arrow.
The arrow hits you!
You die...

...........c.....#
..######..§.Qc...#
###.u§.c..# #
#.CuQ...# +..#
##......# #..#
#...u..# #..#
#...g..# #..#
#......## #..#
#.D...@.# #..#
#.......# #..#
.........#
###+###..#
.........#
#.........
....####+#
#......... ....
#......... ...
#........# ..
#####........#
.............#


You could see 3 ugly things, a centaur warrior (summoned), a cyclops (summoned),
2 tengu conjurers, an acid dragon (summoned), a centaur (summoned) and a
boggart.

Vanquished Creatures
  An azure jelly (Lair:5)
  An orc warlord (Orc:2)
  A red draconian (Volcano)
  Azrael (Orc:2)
  4 boulder beetles
  2 vault guards (D:13)
  12 hydras
  9 naga warriors
  Erolcha (Orc:2)
  An ogre mage (Volcano)
  A death knight (D:12)
  A catoblepas (Lair:6)
  7 anacondas
  5 centaur warriors
  10 two-headed ogres
  2 tengu warriors (D:14)
  A deep troll shaman (Lair:6)
  8 death yaks
  2 orc high priests (Orc:2)
  The ghost of Ekaitz the Reanimator, a novice DsNe of Dithmenos (D:9)
  7 naga sharpshooters
  5 shock serpents
  2 skeletal warriors
  The ghost of Bricks the Covered, a novice HuFi of Jiyva (D:7)
  5 naga ritualists
  A lindwurm (Lair:6)
  2 wizards (D:13)
  2 orc knights
  A deep elf pyromancer (D:14)
  A phantasmal warrior (D:12)
  7 mana vipers
  2 ugly things (D:14)
  9 salamanders
  2 orc sorcerers (Orc:2)
  A cyclops (D:13)
  7 elephants
  11 naga magi
  36 black mambas
  5 guardian serpents
  A molten gargoyle (D:12)
  A gargoyle (D:13)
  16 cane toads
  3 rime drakes
  5 komodo dragons
  2 kobold demonologists (D:13)
  A freezing wraith (D:12)
  3 trolls
  A blink frog (Lair:5)
  A tyrant leech (Lair:2)
  4 polar bears
  Prince Ribbit (D:7)
  2 hornets
  4 slime creatures (D:13)
  Sigmund (D:4)
  44 yaks
  5 wraiths
  5 wyverns
  A shadow (D:13)
  A vampire (D:13)
  5 fire elementals (Orc:2)
  3 basilisks
  19 humans (D:13)
  A steam dragon (D:9)
  7 vampire mosquitoes
  Edmund (D:4)
  24 nagas
  4 wargs (Orc:2)
  An acid dragon (D:12)
  Duvessa (D:4)
  A hell hound (Orc:2)
  16 water moccasins
  An ice beast (D:4)
  4 necrophages
  28 orc warriors
  5 sky beasts
  3 black bears
  8 ogres
  3 boggarts (D:14)
  27 wolves
  3 centaurs
  2 phantoms
  4 kobold brigands
  Blork the orc (D:6)
  A gnoll sergeant (D:8)
  14 bullfrogs
  A scorpion (D:7)
  A water moccasin zombie (D:4)
  Dowan (D:4)
  A water moccasin skeleton (D:5)
  12 killer bees
  5 wights (D:8)
  A howler monkey (D:12)
  3 centaur zombies
  A bullfrog zombie (D:6)
  3 jellies
  17 orc priests
  A scorpion zombie (D:5)
  2 iguanas
  19 orc wizards
  10 hell rats
  A howler monkey skeleton (D:6)
  2 howler monkey zombies (D:7)
  12 gnolls
  5 adders
  A shadow imp (D:6)
  3 white imps
  An ufetubus (D:6)
  An adder skeleton (D:4)
  A worm (D:2)
  A dart slug (D:4)
  109 orcs
  9 ball pythons
  8 endoplasms
  2 giant cockroaches (D:4)
  10 hobgoblins
  10 jackals
  5 quokkas
  4 bats
  5 frilled lizards
  8 goblins
  27 kobolds
  5 rats
775 creatures vanquished.

Vanquished Creatures (collateral kills)
  Saint Roka (Snake:3)
  An anaconda (Snake:3)
  Sonja (Orc:2)
  3 skeletal warriors (D:10)
  2 orc warriors
  2 orc priests (Orc:2)
  2 orc wizards (Snake:3)
  2 orcs (Snake:3)
14 creatures vanquished.

Vanquished Creatures (others)
  A wizard (D:13)
  18 fungi
  12 plants
31 creatures vanquished.

Grand Total: 820 creatures vanquished

Notes
Turn   | Place    | Note
-------+----------+-------------------------------------------
     0 | D:1      | sasquatch the Troll Berserker began the quest for the Orb.
     0 | D:1      | Reached XP level 1. HP: 22/22 MP: 0/0
    56 | D:1      | Reached skill level 3 in Maces & Flails
   107 | D:1      | Reached XP level 2. HP: 28/29 MP: 1/1
   431 | D:1      | Reached XP level 3. HP: 31/36 MP: 2/2
   534 | D:2      | Reached ** piety under Trog
  1282 | D:3      | Reached skill level 4 in Maces & Flails
  1292 | D:3      | Reached XP level 4. HP: 35/45 MP: 3/3
  1452 | D:3      | Reached XP level 5. HP: 47/53 MP: 4/4
  1790 | D:3      | Found a faded altar of an unknown god.
  2012 | D:4      | Noticed an ogre
  2024 | D:4      | Killed an ogre
  2025 | D:4      | Reached skill level 5 in Maces & Flails
  2063 | D:4      | Reached XP level 6. HP: 11/62 MP: 5/5
  2188 | D:4      | Noticed Edmund
  2194 | D:4      | Reached *** piety under Trog
  2206 | D:5      | Entered Level 5 of the Dungeon
  2522 | D:5      | Reached skill level 6 in Maces & Flails
  2546 | D:5      | Reached XP level 7. HP: 56/70 MP: 6/6
  2807 | D:5      | Reached skill level 7 in Maces & Flails
  3068 | D:5      | Reached skill level 5 in Fighting
  3126 | D:4      | Killed Edmund
  3127 | D:4      | Reached XP level 8. HP: 80/80 MP: 7/7
  3388 | D:4      | Noticed Sigmund
  3397 | D:4      | Killed Sigmund
  3398 | D:4      | Reached skill level 8 in Maces & Flails
  3474 | D:4      | Found a staircase to the Ecumenical Temple.
  3611 | D:4      | Noticed Dowan
  3612 | D:4      | Noticed Duvessa
  3621 | D:4      | Killed Dowan
  3626 | D:4      | Killed Duvessa
  3992 | D:6      | Reached skill level 9 in Maces & Flails
  4013 | D:6      | Reached XP level 9. HP: 89/89 MP: 8/8
  4156 | D:6      | Found Zusi's Distillery.
  4186 | D:6      | Bought a potion of might for 44 gold pieces
  4186 | D:6      | Bought a potion of haste for 110 gold pieces
  4500 | D:6      | Noticed Blork the orc
  4506 | D:6      | Killed Blork the orc
  4582 | D:7      | Noticed Prince Ribbit
  4589 | D:7      | Killed Prince Ribbit
  4590 | D:7      | Reached skill level 10 in Maces & Flails
  4617 | D:7      | Reached **** piety under Trog
  4676 | D:7      | Found a transporter.
  4677 | D:7      | Found a transporter.
  4677 | D:7      | Noticed Bricks's ghost (novice HuFi)
  5030 | D:7      | Killed Bricks's ghost
  5031 | D:7      | Reached skill level 11 in Maces & Flails
  5032 | D:7      | Reached XP level 10. HP: 102/102 MP: 9/9
  5318 | D:8      | Reached ***** piety under Trog
  5567 | D:8      | Found a glowing silver altar of Zin.
  5990 | D:9      | Received a gift from Trog
  5991 | D:9      | Reached skill level 12 in Maces & Flails
  6029 | D:9      | Found a runed translucent door.
  6029 | D:9      | Noticed Ekaitz's ghost (novice DsNe)
  6384 | D:9      | Killed Ekaitz's ghost
  6406 | D:10     | Entered Level 10 of the Dungeon
  6549 | D:10     | Noticed a skeletal warrior
  6549 | D:10     | Noticed a skeletal warrior
  6549 | D:10     | Noticed a skeletal warrior
  6565 | D:10     | Killed a skeletal warrior
  6570 | D:10     | Killed a skeletal warrior
  6571 | D:10     | Reached skill level 13 in Maces & Flails
  6571 | D:10     | Reached XP level 11. HP: 113/113 MP: 10/10
  6575 | D:10     | Killed a skeletal warrior
  6638 | D:10     | Noticed a skeletal warrior
  6649 | D:10     | Killed a skeletal warrior
  6839 | D:10     | Noticed a centaur warrior
  6851 | D:10     | Killed a centaur warrior
  6937 | D:10     | Identified the +6 scale mail "Fympa" {Will+ Dex+5}
  7105 | D:10     | Noticed a two-headed ogre
  7123 | D:10     | Killed a two-headed ogre
  7183 | D:11     | Noticed a two-headed ogre
  7190 | D:11     | Killed a two-headed ogre
  7195 | D:11     | Noticed a two-headed ogre
  7203 | D:11     | Killed a two-headed ogre
  7204 | D:11     | Reached skill level 14 in Maces & Flails
  7227 | D:11     | Found a staircase to the Lair.
  7747 | D:11     | Found a blossoming altar of Fedhas.
  7830 | Lair:1   | Entered Level 1 of the Lair of Beasts
  8302 | Lair:1   | Reached skill level 10 in Fighting
  8302 | Lair:1   | Reached XP level 12. HP: 126/126 MP: 11/11
  8788 | Lair:2   | Found a staircase to the Snake Pit.
  8825 | Lair:2   | Reached skill level 15 in Maces & Flails
  8961 | Lair:2   | Found a glowing golden altar of the Shining One.
  9067 | Lair:2   | Found a staircase to the Swamp.
  9139 | Lair:2   | Noticed a seven-headed hydra
  9147 | Lair:2   | Killed a seven-headed hydra
  9281 | Lair:2   | Noticed a seven-headed hydra
  9289 | Lair:2   | Killed a seven-headed hydra
  9404 | Lair:2   | Noticed a four-headed hydra
  9412 | Lair:2   | Killed a four-headed hydra
  9459 | Lair:2   | Noticed a seven-headed hydra
  9467 | Lair:2   | Killed a seven-headed hydra
  9653 | Lair:3   | Reached skill level 16 in Maces & Flails
 10160 | Lair:3   | Noticed a seven-headed hydra
 10167 | Lair:3   | Killed a seven-headed hydra
 10400 | Lair:4   | Reached XP level 13. HP: 52/137 MP: 12/12
 10477 | Lair:4   | Found a dark tunnel.
 10488 | Volcano  | Entered a volcano
 10507 | Volcano  | Found a burning altar of Makhleb.
 10508 | Volcano  | Noticed a red draconian
 10528 | Volcano  | Identified the +5 giant spiked club of Theory {vorpal,
                  | rElec rF- rN+++} (Trog gifted it to you in a volcano)
 10528 | Volcano  | Received a gift from Trog
 10622 | Volcano  | Killed a red draconian
 10660 | Volcano  | HP: 4/137 [two-headed ogre (13)]
 10735 | Volcano  | Reached skill level 17 in Maces & Flails
 11822 | Lair:5   | Reached skill level 18 in Maces & Flails
 12230 | Lair:5   | Reached XP level 14. HP: 129/150 MP: 13/13
 12479 | Lair:5   | Found a runed translucent door.
 12479 | Lair:5   | Found a viscous altar of Jiyva.
 12483 | Lair:5   | Noticed an azure jelly
 12503 | Lair:5   | Found a staircase to the Slime Pits.
 12748 | Lair:5   | Killed an azure jelly
 12816 | Lair:6   | Entered Level 6 of the Lair of Beasts
 13211 | Lair:6   | Received a gift from Trog
 13975 | D:12     | Found Casisaith's Weapon Shop.
 14080 | D:12     | Reached skill level 1 in Evocations
 14469 | D:12     | Found a staircase to the Orcish Mines.
 14975 | Orc:1    | Entered Level 1 of the Orcish Mines
 15001 | Orc:2    | Entered Level 2 of the Orcish Mines
 15001 | Orc:2    | Found a staircase to the Elven Halls.
 15042 | Orc:2    | Found a shimmering altar of Xom.
 15054 | Orc:2    | Received a gift from Trog
 15111 | Orc:2    | Noticed Sonja
 15117 | Orc:2    | Found Kuixtex's Assorted Antiques.
 15129 | Orc:2    | Killed Sonja
 15256 | Orc:2    | Bought a scroll of blinking for 180 gold pieces
 15256 | Orc:2    | Bought 2 scrolls of teleportation for 144 gold pieces
 15256 | Orc:2    | Bought a scroll of teleportation for 72 gold pieces
 15387 | Orc:2    | Noticed an orc warlord
 15403 | Orc:2    | Killed an orc warlord
 15610 | Orc:2    | Found Kaihibuec's Antique Weapon Shop.
 15684 | Orc:2    | Noticed Azrael
 15698 | Orc:2    | Killed Azrael
 15699 | Orc:2    | Reached skill level 15 in Fighting
 15983 | Orc:2    | Reached XP level 15. HP: 167/167 MP: 14/14
 16119 | Orc:2    | Found Ninit's Jewellery Shoppe.
 16176 | Orc:2    | Noticed Erolcha
 16201 | Orc:2    | Killed Erolcha
 16255 | Orc:2    | Found Cieragab's Antique Weapon Shoppe.
 16257 | Orc:2    | Found Yrykisom's Antique Armour Emporium.
 16493 | D:6      | Bought a potion of curing for 33 gold pieces
 16493 | D:6      | Bought a potion of flight for 33 gold pieces
 16493 | D:6      | Bought a potion of attraction for 33 gold pieces
 16493 | D:6      | Bought a potion of lignification for 33 gold pieces
 16493 | D:6      | Bought a potion of lignification for 33 gold pieces
 16493 | D:6      | Bought 2 potions of curing for 66 gold pieces
 16493 | D:6      | Bought a potion of curing for 33 gold pieces
 16867 | Snake:1  | Entered Level 1 of the Snake Pit
 16936 | Snake:1  | Reached skill level 5 in Evocations
 17518 | Snake:1  | Identified the +7 dire flail "Febuori" {vorpal, rElec rC+}
                  | (Trog gifted it to you on level 1 of the Snake Pit)
 17518 | Snake:1  | Received a gift from Trog
 17761 | Snake:1  | Reached skill level 1 in Armour
 18337 | Snake:2  | Found Cattu's Assorted Antiques.
 18340 | Snake:2  | Bought a scroll of teleportation for 69 gold pieces
 18340 | Snake:2  | Bought a potion of resistance for 230 gold pieces
 18719 | Snake:2  | Found Xaap's Magic Scroll Boutique.
 18720 | Snake:2  | Found Peinn's Antique Weapon Boutique.
 18722 | Snake:2  | Found Goin's Book Boutique.
 18723 | Snake:2  | Found Velumae's Antique Weapon Boutique.
 18787 | Snake:2  | Bought a scroll of teleportation for 30 gold pieces
 18787 | Snake:2  | Bought a scroll of teleportation for 30 gold pieces
 18787 | Snake:2  | Bought a scroll of teleportation for 30 gold pieces
 18787 | Snake:2  | Bought a scroll of fear for 35 gold pieces
 19109 | Snake:2  | Identified the +4 trident of Chance {freeze, rF++ rN+ Will+
                  | Dex+3}
 19474 | Snake:2  | Reached skill level 5 in Armour
 19571 | Snake:3  | Noticed Saint Roka
 19689 | Snake:2  | Identified the +1 giant club "Qittot" {vorpal, Stlth+}
                  | (Trog gifted it to you on level 2 of the Snake Pit)
 19689 | Snake:2  | Received a gift from Trog
 19791 | Snake:3  | HP: 5/166 [anaconda (15)]
 19841 | Snake:3  | Killed Saint Roka
 20107 | Snake:3  | Reached XP level 16. HP: 176/176 MP: 15/15
 21857 | Snake:4  | Entered Level 4 of the Snake Pit
 22258 | D:13     | Received a gift from Trog
 22508 | D:13     | Found a gate to the Vaults.
 23163 | D:14     | Reached skill level 10 in Evocations
 23175 | D:14     | HP: 6/176 [centaur/arrow[a boggart] (9)]
 23175 | D:14     | Shot with an arrow by a centaur warrior

Illustrated notes

Levels and vault maps discovered:
D:1:      ncdulo_lavacross, layout_basic, minmay_bisected
D:2:      layout_basic
D:3:      layout_basic, dreamdust_ecumenical_altar_angels_and_demons
D:4:      layout_loops_cross, minmay_temple_entry_antechambers, st_stairs_8,
          uniq_sigmund, uniq_duvessa, uniq_edmund
D:5:      layout_basic
D:6:      layout_cave_pools, serial_shops, shop, nrook_mini_vaults,
          uniq_blork_the_orc
D:7:      layout_rooms, gammafunk_ghost_smash, uniq_prince_ribbit1
D:8:      layout_loops_ring, zin_treasury
D:9:      layout_long_grid, gammafunk_ghost_grave
D:10:     layout_roguey
D:11:     layout_irregular_city, lair_entry_dummy, fedhas_altar_4
D:12:     layout_basic, david_orc_5, serial_shops,
          nicolae_shop_competitors_out_of_business,
          kennysheep_opposing_triangles
D:13:     layout_loops_cross, grunt_vaults_entry_tiered,
          kennysheep_generic_room_8
D:14:     layout_irregular_city, chequers_jeans
Lair:1:   layout_regular_city, chequers_serial_rivers_large_b, lemuel_fruit_tree
Lair:2:   layout_long_grid, minmay_swamp_entry_worms,
          minmay_snake_entry_spellcaster, basic_altar
Lair:3:   layout_chaotic_city, grunt_megastairs_3
Lair:4:   layout_cellular_growth, enter_volcano_1, infiniplex_staircase_pool_2
Lair:5:   nzn_winding_woodlands_medium [nzn_winding_woodlands_5x5_checkerboard,
          nzn_winding_woodlands_5x15_pockets,
          nzn_winding_woodlands_5x5_closed_star,
          nzn_winding_woodlands_5x5_default, nzn_winding_woodlands_center_lodge,
          nzn_winding_woodlands_5x5_open_star, nzn_winding_woodlands_5x5_three,
          nzn_winding_woodlands_5x15_longhouse,
          nzn_winding_woodlands_hourglass], layout_hall_layers, slime_altar_2
Lair:6:   grunt_lair_end_beastmaster, layout_loops_ring, grunt_megastairs_2
Snake:1:  layout_grid_maze
Snake:2:  layout_misc_corridors, serial_shops, nicolae_stop_n_shop_2,
          minmay_shop_grid_forest, grunt_megastairs_1
Snake:3:  layout_layer_cave, uniq_saint_roka
Snake:4:  grunt_snake_rune_pools, layout_cave_town
Orc:1:    layout_diamond_mine, serial_shops, nicolae_shop_statue_plus
Orc:2:    grunt_orc_community_town_hall, layout_diamond_mine,
          grunt_orc_community_big_house_1, grunt_orc_community_big_house_2,
          grunt_orc_community_house_2, grunt_orc_community_house_1,
          grunt_orc_community_house_2, grunt_orc_community_house_2,
          grunt_orc_community_house_3, grunt_orc_community_house_3, basic_altar,
          serial_shops, shop, mines2_david, uniq_azrael, uniq_sonja,
          uniq_erolcha

Skill      XL: |  1  2  3  4  5  6  7  8  9 10 11 12 13 14 15 16 |
---------------+-------------------------------------------------+-----
Maces & Flails | 3 4 5 6 7 9 11 13 14 16 18 | 18.0
Fighting       | 3 4 5 6 7 8 10 11 12 15 | 15.0
Evocations     | 4 8 10 | 10.0
Armour         | 5 8 |  8.0
Dodging        | |  2.4

Action                   |  1- 3 |  4- 6 |  7- 9 | 10-12 | 13-15 | 16-18 || total
-------------------------+-------+-------+-------+-------+-------+-------++-------
Melee: Mace              |   123 |   172 |    62 |       |       |       ||   357
       Punch             |     3 |       |     1 |       |       |       ||     4
       Dire flail        |       |       |   221 |   637 |   355 |   313 ||  1526
       Giant club        |       |       |       |       |   840 |       ||   840
Invok: Berserk           |     2 |     3 |     9 |    11 |    20 |     7 ||    52
       Brothers in Arms  |       |       |       |     1 |     4 |       ||     5
       Trog's Hand       |       |       |       |       |     3 |       ||     3
  Use: Scroll            |       |       |       |    13 |     9 |     3 ||    25
       Potion            |       |       |       |       |     7 |     1 ||     8
 Stab: Sleeping          |       |       |     2 |     1 |       |       ||     3
Armor: Animal skin       |    37 |    59 |   122 |    28 |       |       ||   246
       Robe              |       |       |       |   187 |   419 |   145 ||   751
Dodge: Dodged            |    60 |   113 |   129 |   247 |   538 |   122 ||  1209
